 Dungeon Crawl Stone Soup version 0.27-a0-95-g5a9077b8ae (webtiles) character file.

Game seed: 6145084721805518366

53 Faydwarf the Covered (level 3, -2/33 HPs)
             Began as a Hill Orc Fighter on Jan 18, 2021.
             Slain by a gnoll
             ... wielding a +0 halberd
              (10 damage)
             ... on level 2 of the Dungeon.
             The game lasted 00:07:40 (1164 turns).

Faydwarf the Covered (Hill Orc Fighter)             Turns: 1164, Time: 00:07:41

Health: -2/33      AC:  7    Str: 19    XL:     3   Next: 89%
Magic:  3/3        EV:  7    Int:  8    God:
Gold:   22         SH:  9    Dex: 10    Spells: 2/2 levels left

rFire    . . .     SeeInvis .   e - +1 short sword (freeze)
rCold    . . .     Faith    .   c - +0 kite shield
rNeg     . . .     Spirit   .   b - +0 scale mail
rPois    .         Reflect  .   (no helmet)
rElec    .         Harm     .   (no cloak)
rCorr    .         Rampage  .   (no gloves)
Will     .....                  (no boots)
Stlth    ..........             (no amulet)
HPRegen  0.11/turn              (no ring)
MPRegen  0.08/turn              (no ring)

@: no status effects
A: no striking features
a: no special abilities


You were on level 2 of the Dungeon.
You visited 1 branch of the dungeon, and saw 2 of its levels.

You collected 22 gold pieces.

Inventory:

Hand Weapons
 a - a +0 long sword
 e - a +1 short sword of freezing (weapon)
 i - a +0 long sword
Missiles
 k - 2 javelins (quivered)
Armour
 b - a +0 scale mail (worn)
 c - a +0 kite shield (worn)
Jewellery
 f - an uncursed amulet of magic regeneration {unknown}
 h - a cursed ring of attention {unknown}
 m - an uncursed ring of protection from fire {unknown}
Potions
 d - a potion of might
 g - a potion of curing {unknown}
 j - a potion of heal wounds {unknown}
 l - a potion of lignification {unknown}


   Skills:
 + Level 3.9 Fighting
 + Level 1.3(2.0) Short Blades
 + Level 2.4(2.6) Long Blades
 + Level 4.0 Armour
 + Level 3.7 Shields


You had 2 spell levels left.
You didn't know any spells.
Your spell library was empty.

Dungeon Overview and Level Annotations

Branches:
Dungeon (2/15)

Altars:
Ashenzari
Elyvilon
Nemelex Xobeh
Wu Jian


Message History

You block the gnoll's attack.
Your Armour skill increases to level 4!
A gnoll comes into view. It is wielding a +0 flail.
You see here 7 gold pieces.
The gnoll shouts!
You block the gnoll's attack. The gnoll hits you but does no damage.
You hit the gnoll. You freeze the gnoll.
The gnoll is moderately wounded.
The gnoll barely misses you. You block the gnoll's attack.
The gnoll barely misses you.
You hit the gnoll. You freeze the gnoll.
The gnoll is heavily wounded.
You block the gnoll's attack.
The gnoll hits you from afar with a +0 spear.
* * * LOW HITPOINT WARNING * * *
Your shield and scale mail prevent you from hitting the gnoll.
The gnoll is heavily wounded.
The gnoll hits you with a +0 halberd!
You die...

#.###########
###.........#
####.##........#
#####.###.#
#.....'†.......# #.. #.#
#.....#).......# ##. #.#
#.....'........# ##. #.#
......#........###
...#.#
......#..........# #
#.#†# ......#........#.#
#.#...#
#.....#........#@#######
#......
#.....##########.ggg...#
####... #######
#######.# ........
#####.>. #.#. #.#. #.##
#. . #


You could see 3 gnolls.

Vanquished Creatures
  A gnoll (D:2)
  2 dart slugs
  2 leopard geckos
  3 bats
  3 giant cockroaches (D:2)
  5 goblins
  5 hobgoblins
  3 quokkas (D:2)
  4 frilled lizards
  3 kobolds
  5 rats (D:1)
36 creatures vanquished.

Notes
Turn   | Place    | Note
-------+----------+-------------------------------------------
     0 | D:1      | Faydwarf the Hill Orc Fighter began the quest for the Orb.
     0 | D:1      | Reached XP level 1. HP: 19/19 MP: 1/1
     6 | D:1      | Noticed a black bear
     6 | D:1      | Noticed a swamp worm
     6 | D:1      | Noticed a salamander
   161 | D:1      | Reached XP level 2. HP: 27/27 MP: 2/2
   626 | D:2      | Reached XP level 3. HP: 30/33 MP: 3/3
   795 | D:2      | Found a white marble altar of Elyvilon.
   795 | D:2      | Found a sparkling altar of Nemelex Xobeh.
   795 | D:2      | Found an ornate altar of the Wu Jian Council.
   932 | D:2      | Found a broken altar of Ashenzari.
  1028 | D:2      | Reached skill level 1 in Short Blades
  1157 | D:2      | Reached skill level 4 in Armour
  1164 | D:2      | Slain by a gnoll

Illustrated notes

Levels and vault maps discovered:
D:1:      onia_arrival_zoo_common, layout_rooms
D:2:      layout_basic, general_overflow_altar, gammafunk_temple_overflow_claw

Skill      XL: |  1  2  3 |
---------------+----------+-----
Short Blades   | 1 |  1.3
Armour         | 4 |  4.0
Fighting       | |  3.9
Long Blades    | |  2.4
Shields        | |  3.7

Action                   || total
-------------------------++-------
Melee: Long sword        ||    21
       Short sword       ||    95
  Use: Scroll            ||     5
Armor: Scale mail        ||    33
Dodge: Dodged            ||    37
Block: Kite shield       ||    66
       Rpst.: Long sword ||     3

Table legend: (Time is in decaauts)
 A = Elapsed time spent in this place.
 B = Non-inter-level travel time spent in this place.
 C = Inter-level travel time spent in this place.
 D = Time resting spent in this place.
 E = Time spent auto-exploring this place.
 F = Levels seen in this place.
 G = Mean time per level.
                   A        B        C        D        E       F      G
               +--------+--------+--------+--------+--------+-----+--------+
         Total |   1177 |    889 |    288 |      0 |      0 |   2 |  588.5 |
       Dungeon |   1177 |    889 |    288 |      0 |      0 |   2 |  588.5 |
               +--------+--------+--------+--------+--------+-----+--------+

Top non-repeatable levels by time:
     D:2: 597 daAuts
     D:1: 580 daAuts
